Flyers vs Sharks

Created - Monday, January 11, 2016 at 01:29

Goals
1 2 3 T
Flyers 1 1 1 3
Sharks 1 1 0 2
Shots
1 2 3 T
Flyers 7 14 15 36
Sharks 8 12 9 29

1st period

1. Flyers , Torrey Mitchell 2 (Taylor Hall, Niklas Kronwall) at 4:19
2. Sharks , Olli Jokinen 1 (Derek Roy, Ian Cole) at 13:58 (PP)

Penalties :
P.K. Subban (Phi) for Roughing (Minor) at 12:03, Dion Phaneuf (SJ ) for Hooking (Minor) at 14:45

2nd period

3. Flyers , Niklas Kronwall 5 (Jakub Voracek, Mark Stuart) at 4:03
4. Sharks , Erik Cole 18 (Brian Gionta) at 17:05

Penalties :
P.K. Subban (Phi) for Goalie Interference (Minor) at 0:22, Mark Stuart (Phi) for Delaying the game (Minor) at 4:18, Corey Perry (Phi) for Hooking (Minor) at 13:24, Ian Cole (SJ ) for Holding (Minor) at 17:33

3rd period

5. Flyers , Kyle Okposo 19 (P.K. Subban) at 7:47 (PP)

Penalties :
Dion Phaneuf (SJ ) for Hooking (Minor) at 5:57, Mike Green (SJ ) for Hooking (Minor) at 8:08, Chris Kreider (Phi) for Hooking (Minor) at 10:48, Mike Weber (SJ ) for Hooking (Minor) at 16:13

Goalie Stats

Corey Crawford (Phi), 27 saves from 29 shots - (0.931), W, 24-3-1, 60:00 minutes
Jonathan Quick (SJ ), 33 saves from 36 shots - (0.917), L, 13-19-2, 60:00 minutes

Players Stats for Flyers

Player Name              G  A  P  +/- PIM S  H  SB GA TA FO     MP     PP MP  PK MP  
------------------------------------------------------------------------------------
Adam Lowry               0  0  0   0  0   0  1  0  0  1  0/0    10:41   0:00   0:49 
Bryan Little             0  0  0  -1  0   5  0  1  3  1  10/17  22:12   4:17   7:12 
Chris Kreider            0  0  0   0  2   1  0  0  0  0  0/0     9:16   0:00   0:00 
Corey Perry              0  0  0  -1  2   3  1  0  0  0  0/1    14:08   4:17   0:00 
Evgeni Malkin            0  0  0   1  0   4  0  0  3  0  13/22  18:17   5:29   0:00 
Gabriel Landeskog        0  0  0  -1  0   1  0  0  1  0  0/1     9:16   0:00   0:00 
Jakub Voracek            0  1  1   1  0   3  2  1  3  0  0/1    17:04   4:17   0:00 
Justin Faulk             0  0  0   0  0   0  4  2  0  1  0/0    22:29   5:49   2:32 
Kyle Okposo              1  0  1   1  0   6  1  0  3  0  1/2    18:17   5:29   0:00 
Luke Glendening          0  0  0   1  0   0  2  1  0  0  0/0    16:04   0:00   8:13 
Mark Giordano            0  0  0   0  0   5  1  2  1  1  0/0    23:36   5:49   2:51 
Mark Stuart              0  1  1   2  2   2  0  1  0  2  0/0    16:31   0:00   5:05 
Nate Thompson            0  0  0   0  0   0  0  0  0  0  7/8     9:13   0:00   0:39 
Niklas Kronwall          1  1  2   2  0   1  1  1  0  2  0/0    20:36   0:00   7:00 
P.K. Subban              0  1  1  -1  4   1  0  0  0  2  0/0    22:17   3:57   2:14 
Taylor Hall              0  1  1   1  0   2  1  0  0  1  0/0    12:23   5:29   0:00 
Tom Gilbert              0  0  0  -1  0   0  0  1  0  1  0/0    15:48   3:57   0:00 
Torrey Mitchell          1  0  1   1  0   2  1  0  0  1  6/9    11:56   0:00   2:49 

Players Stats for Sharks

Player Name              G  A  P  +/- PIM S  H  SB GA TA FO     MP     PP MP  PK MP  
------------------------------------------------------------------------------------
Brad Richards            0  0  0   0  0   2  0  0  0  0  7/13   17:46   5:18   2:05 
Brendan Mikkelson        0  0  0  -1  0   0  2  0  0  1  0/0    10:57   0:00   1:04 
Brian Gionta             0  1  1   0  0   2  0  0  1  1  3/6    20:31   5:18   0:00 
Curtis Glencross         0  0  0   0  0   1  0  0  1  0  0/0     7:26   0:00   0:48 
Derek Roy                0  1  1   0  0   3  2  0  5  1  0/0    14:31   4:33   0:00 
Dion Phaneuf             0  0  0   0  4   2  1  0  0  0  0/0    24:10   4:50   2:10 
Erik Cole                1  0  1   0  0   2  2  1  5  0  0/1    21:49   4:54   7:38 
Ian Cole                 0  1  1   0  2   0  1  2  0  1  0/0    15:15   5:01   5:36 
Jay Harrison             0  0  0  -1  0   1  3  2  0  2  0/0    25:46   4:50   8:54 
Mark Barberio            0  0  0   0  0   0  1  1  0  0  0/0    11:45   0:00   0:00 
Maxim Lapierre           0  0  0  -1  0   1  2  1  0  0  6/12   13:01   0:00   0:00 
Mike Green               0  0  0   0  2   0  0  1  0  0  0/0    13:25   0:00   0:00 
Mike Weber               0  0  0   0  2   4  2  3  0  0  0/0    20:48   5:01   1:48 
Nicolas Deslauriers      0  0  0   0  0   0  1  1  0  0  0/0     6:39   0:00   0:03 
Olli Jokinen             1  0  1   0  0   7  1  1  0  0  2/13   21:31   4:33   6:53 
Richard Panik            0  0  0  -1  0   2  0  1  3  1  0/0    13:01   0:00   0:00 
Tomas Fleischmann        0  0  0  -1  0   1  0  0  5  0  0/0    13:41   0:24   0:00 
Vernon Fiddler           0  0  0   0  0   1  1  0  0  2  6/16   18:07   4:33   2:05 

3 Stars

1 - Niklas Kronwall (Phi)
2 - Kyle Okposo (Phi)
3 - Torrey Mitchell (Phi)

Power Play

Flyers - 1 on 5 Attempt(s) - 20.00%
Sharks - 1 on 5 Attempt(s) - 20.00%

Penalty Kill

Flyers - 4 on 5 Attempt(s) - 80.00% - Score 0 goal in Penalty Kill
Sharks - 4 on 5 Attempt(s) - 80.00% - Score 0 goal in Penalty Kill

Team Stat

Flyers - Hits : 15 - Faceoff Wins : 37 - Blocked Shots : 10 - Penalty Minutes : 10
Sharks - Hits : 19 - Faceoff Wins : 24 - Blocked Shots : 14 - Penalty Minutes : 10

Official

Referees : Unknown
Linesman : Unknown

Game Notes

No Game Note

Finance

Level 1 -- Attendance: 4960 (82.67%) -- Ticket Income $441,440
Level 2 -- Attendance: 3281 (65.62%) -- Ticket Income $226,389
Level 3 -- Attendance: 1558 (77.90%) -- Ticket Income $54,530
Level 4 -- Attendance: 2421 (60.53%) -- Ticket Income $60,525
Luxury Box -- Attendance: 757 (75.70%) -- Ticket Income $150,643
Game was played at the HP Pavilion.
Total Attendance: 12977 (72.09%)
Total Ticket Income: $933,527
Other Income: $457,428
Total Income: $1,390,955

Flyers

5 vs 5 Forward 
   Center                   Left Wing                Right Wing               Time % Phy DF OF 
 1 Evgeni Malkin            Jakub Voracek            Kyle Okposo              35     0   0  5  
 2 Bryan Little             Gabriel Landeskog        Corey Perry              30     0   1  4  
 3 Torrey Mitchell          Taylor Hall              Luke Glendening          22     0   3  2  
 4 Nate Thompson            Chris Kreider            Adam Lowry               13     1   3  1  

5 vs 5 Defense 
   Defense                  Defense                                           Time % Phy DF OF 
 1 Mark Giordano            Justin Faulk                                      35     0   1  4  
 2 P.K. Subban              Tom Gilbert                                       35     0   2  3  
 3 Niklas Kronwall          Mark Stuart                                       25     1   3  1  
 4 P.K. Subban              Niklas Kronwall                                   5      0   1  4  

PowerPlay Forward 
   Center                   Left Wing                Right Wing               Time % Phy DF OF 
 1 Evgeni Malkin            Taylor Hall              Kyle Okposo              60     0   0  5  
 2 Bryan Little             Jakub Voracek            Corey Perry              40     0   1  4  

PowerPlay Defense
   Defense                  Defense                                           Time % Phy DF OF 
 1 Mark Giordano            Justin Faulk                                      60     0   0  5  
 2 P.K. Subban              Tom Gilbert                                       40     0   2  3  

Penalty Kill 4 Players Forward 
   Center                   Wing                     Time % Phy DF OF 
 1 Bryan Little             Luke Glendening          65     0   4  1  
 2 Nate Thompson            Torrey Mitchell          35     0   5  0  

Penalty Kill 4 Players Defense
   Defense                  Defense                  Time % Phy DF OF 
 1 Mark Stuart              Niklas Kronwall          55     0   4  1  
 2 Mark Giordano            P.K. Subban              45     0   5  0  

Penalty Kill - 3 Players Forward 
   Forward                                           Time % Phy DF OF 
 1 Bryan Little                                      60     0   5  0  
 2 Nate Thompson                                     40     0   5  0  

Penalty Kill - 3 Players Defense
   Defense                  Defense                  Time % Phy DF OF 
 1 Mark Stuart              Niklas Kronwall          55     0   5  0  
 2 P.K. Subban              Mark Giordano            45     0   5  0  

4 vs 4 Forward 
   Center                   Wing                     Time % Phy DF OF 
 1 Evgeni Malkin            Gabriel Landeskog        60     0   0  5  
 2 Bryan Little             Chris Kreider            40     0   1  4  

4 vs 4 Defense
   Defense                  Defense                  Time % Phy DF OF 
 1 Justin Faulk             Mark Giordano            60     0   1  4  
 2 Mark Stuart              Niklas Kronwall          40     0   1  4  

Last Minutes Offensive
   Center                   Left Wing                Right Wing               Defense                  Defense                  
   Evgeni Malkin            Jakub Voracek            Kyle Okposo              P.K. Subban              Mark Giordano            

Last Minutes Defensive
   Center                   Left Wing                Right Wing               Defense                  Defense                  
   Bryan Little             Torrey Mitchell          Luke Glendening          Mark Stuart              Niklas Kronwall          

Goaltenders
Starting : Corey Crawford           
Backup : Darcy Kuemper            

Extra Forwards
Normal : Chris Kreider, Gabriel Landeskog, Torrey Mitchell - PP : Chris Kreider, Gabriel Landeskog - PK : Torrey Mitchell
Extra Defensemen
Normal : Justin Faulk, Tom Gilbert, Mark Stuart - PP : Tom Gilbert - PK : P.K. Subban, Justin Faulk
Penalty Shots
Corey Perry, Evgeni Malkin, Kyle Okposo, Bryan Little, Jakub Voracek

Sharks

5 vs 5 Forward 
   Center                   Left Wing                Right Wing               Time % Phy DF OF 
 1 Brad Richards            Erik Cole                Brian Gionta             35     1   2  2  
 2 Vernon Fiddler           Olli Jokinen             Derek Roy                30     1   2  2  
 3 Maxim Lapierre           Tomas Fleischmann        Richard Panik            22     1   2  2  
 4 Brian Gionta             Curtis Glencross         Nicolas Deslauriers      13     1   2  2  

5 vs 5 Defense 
   Defense                  Defense                                           Time % Phy DF OF 
 1 Dion Phaneuf             Mike Green                                        35     1   2  2  
 2 Mike Weber               Mark Barberio                                     30     1   2  2  
 3 Brendan Mikkelson        Jay Harrison                                      22     1   2  2  
 4 Ian Cole                 Dion Phaneuf                                      13     1   2  2  

PowerPlay Forward 
   Center                   Left Wing                Right Wing               Time % Phy DF OF 
 1 Brad Richards            Erik Cole                Brian Gionta             60     1   2  2  
 2 Vernon Fiddler           Olli Jokinen             Derek Roy                40     1   2  2  

PowerPlay Defense
   Defense                  Defense                                           Time % Phy DF OF 
 1 Dion Phaneuf             Jay Harrison                                      60     1   2  2  
 2 Mike Weber               Ian Cole                                          40     1   2  2  

Penalty Kill 4 Players Forward 
   Center                   Wing                     Time % Phy DF OF 
 1 Olli Jokinen             Erik Cole                60     1   2  2  
 2 Brad Richards            Vernon Fiddler           40     1   2  2  

Penalty Kill 4 Players Defense
   Defense                  Defense                  Time % Phy DF OF 
 1 Dion Phaneuf             Jay Harrison             60     1   2  2  
 2 Mike Weber               Ian Cole                 40     1   2  2  

Penalty Kill - 3 Players Forward 
   Forward                                           Time % Phy DF OF 
 1 Brad Richards                                     60     1   2  2  
 2 Erik Cole                                         40     1   2  2  

Penalty Kill - 3 Players Defense
   Defense                  Defense                  Time % Phy DF OF 
 1 Dion Phaneuf             Ian Cole                 60     1   2  2  
 2 Mike Weber               Jay Harrison             40     1   2  2  

4 vs 4 Forward 
   Center                   Wing                     Time % Phy DF OF 
 1 Olli Jokinen             Erik Cole                60     1   2  2  
 2 Brad Richards            Vernon Fiddler           40     1   2  2  

4 vs 4 Defense
   Defense                  Defense                  Time % Phy DF OF 
 1 Dion Phaneuf             Jay Harrison             60     1   2  2  
 2 Mike Weber               Ian Cole                 40     1   2  2  

Last Minutes Offensive
   Center                   Left Wing                Right Wing               Defense                  Defense                  
   Brad Richards            Erik Cole                Brian Gionta             Dion Phaneuf             Mike Green               

Last Minutes Defensive
   Center                   Left Wing                Right Wing               Defense                  Defense                  
   Brad Richards            Erik Cole                Brian Gionta             Dion Phaneuf             Mike Green               

Goaltenders
Starting : Jonathan Quick           
Backup : Antti Raanta             

Extra Forwards
Normal : Tomas Fleischmann, Maxim Lapierre, Curtis Glencross - PP : Tomas Fleischmann, Maxim Lapierre - PK : Curtis Glencross
Extra Defensemen
Normal : Dion Phaneuf, Jay Harrison, Ian Cole - PP : Dion Phaneuf - PK : Jay Harrison, Ian Cole
Penalty Shots
Maxim Lapierre, Erik Cole, Brad Richards, Vernon Fiddler, Olli Jokinen

% Time on Ice - Flyers

Lines # - Real PCT - Wanted PCT - Time Play
Normal Forward
1 - 38% - 35% - 14:51
2 - 25% - 30% - 9:52
3 - 16% - 22% - 6:17
4 - 22% - 13% - 8:34
Normal Defense
1 - 36% - 35% - 14:21
2 - 35% - 35% - 13:57
3 - 23% - 25% - 9:05
4 - 6% - 5% - 2:11
PP Forward
1 - 56% - 60% - 5:29
2 - 44% - 40% - 4:17
PP Defense
1 - 60% - 60% - 5:49
2 - 40% - 40% - 3:57
PK Forward
1 - 93% - 65% - 9:12
2 - 7% - 35% - 0:39
PK Defense
1 - 71% - 55% - 7:00
2 - 29% - 45% - 2:51
PK3 Forward
1 - 0% - 60%
2 - 0% - 40%
PK3 Defense
1 - 0% - 55%
2 - 0% - 45%
44 Forward
1 - 0% - 60%
2 - 0% - 40%
44 Defense
1 - 0% - 60%
2 - 0% - 40%
Last Minute Offensive  - 0:00
Last Minute Defensive  - 0:49
Total
Forward - 60:00
Defense - 60:00

% Time on Ice - Sharks

Lines # - Real PCT - Wanted PCT - Time Play
Normal Forward
1 - 24% - 35% - 9:32
2 - 29% - 30% - 11:29
3 - 32% - 22% - 13:01
4 - 15% - 13% - 6:05
Normal Defense
1 - 36% - 35% - 14:21
2 - 34% - 30% - 13:49
3 - 23% - 22% - 9:22
4 - 6% - 13% - 2:35
PP Forward
1 - 54% - 60% - 5:18
2 - 46% - 40% - 4:33
PP Defense
1 - 49% - 60% - 4:50
2 - 51% - 40% - 5:01
PK Forward
1 - 79% - 60% - 7:41
2 - 21% - 40% - 2:05
PK Defense
1 - 61% - 60% - 5:59
2 - 39% - 40% - 3:47
PK3 Forward
1 - 0% - 60%
2 - 0% - 40%
PK3 Defense
1 - 0% - 60%
2 - 0% - 40%
44 Forward
1 - 0% - 60%
2 - 0% - 40%
44 Defense
1 - 0% - 60%
2 - 0% - 40%
Last Minute Offensive  - 0:16
Last Minute Defensive  - 0:00
Total
Forward - 60:00
Defense - 60:00

Play by Play

1st period


0:01 of 1st period - Brian Gionta wins face-off versus Kyle Okposo in neutral zone.
0:30 of 1st period - Brian Gionta is hit by Jakub Voracek and loses puck.
0:53 of 1st period - Wrist shot by Corey Perry.
0:53 of 1st period - Deflect By Bryan Little.
0:53 of 1st period - Shot Blocked by Mike Green.
0:53 of 1st period - Puck is out of play.
0:54 of 1st period - Vernon Fiddler wins face-off versus Bryan Little in Sharks zone.
1:03 of 1st period - Wrist shot by Derek Roy.
1:03 of 1st period - Shot Misses the Net.
1:13 of 1st period - Snap shot by Corey Perry.
1:13 of 1st period - Stopped by Jonathan Quick without a rebound.
1:14 of 1st period - Maxim Lapierre wins face-off versus Torrey Mitchell in Sharks zone.
1:14 of 1st period - Maxim Lapierre is hit by Torrey Mitchell.
1:23 of 1st period - Off-side.
1:24 of 1st period - Maxim Lapierre wins face-off versus Torrey Mitchell in neutral zone.
1:31 of 1st period - Torrey Mitchell is hit by Maxim Lapierre and loses puck.
1:46 of 1st period - Snap shot by Richard Panik.
1:46 of 1st period - Shot Misses the Net.
1:48 of 1st period - Slapshot by Brendan Mikkelson.
1:48 of 1st period - Shot Blocked by Mark Stuart.
1:50 of 1st period - Snap shot by Jay Harrison.
1:50 of 1st period - Shot Misses the Net.
1:52 of 1st period - Snap shot by Maxim Lapierre.
1:52 of 1st period - Stopped by Corey Crawford without a rebound.
1:53 of 1st period - Nate Thompson wins face-off versus Brian Gionta in Flyers zone.
2:10 of 1st period - Slapshot by Curtis Glencross.
2:10 of 1st period - Stopped by Corey Crawford with a rebound.
2:52 of 1st period - Backhand shot by Olli Jokinen.
2:52 of 1st period - Shot Misses the Net.
2:54 of 1st period - Wrist shot by Olli Jokinen.
2:54 of 1st period - Shot Misses the Net.
2:56 of 1st period - Slapshot by Mike Weber.
2:56 of 1st period - Stopped by Corey Crawford without a rebound.
2:57 of 1st period - Maxim Lapierre wins face-off versus Gabriel Landeskog in Flyers zone.
3:00 of 1st period - Backhand shot by Richard Panik.
3:00 of 1st period - Shot Blocked by Justin Faulk.
3:49 of 1st period - Maxim Lapierre is hit by Justin Faulk and loses puck.
4:01 of 1st period - Off-side.
4:02 of 1st period - Torrey Mitchell wins face-off versus Erik Cole in neutral zone.
4:15 of 1st period - Slapshot by Taylor Hall.
4:15 of 1st period - Shot Misses the Net.
4:19 of 1st period - Wrist shot by Torrey Mitchell.
4:19 of 1st period - Goal by Torrey Mitchell - Flyers : 1 - Sharks : 0.
4:20 of 1st period - Brad Richards wins face-off versus Evgeni Malkin in neutral zone.
4:55 of 1st period - Slapshot by Brian Gionta.
4:55 of 1st period - Shot Misses the Net.
5:29 of 1st period - Slapshot by Derek Roy.
5:29 of 1st period - Shot Misses the Net.
5:31 of 1st period - Slapshot by Vernon Fiddler.
5:31 of 1st period - Shot Misses the Net.
6:57 of 1st period - Snap shot by Taylor Hall.
6:57 of 1st period - Shot Blocked by Ian Cole.
6:59 of 1st period - Slapshot by Torrey Mitchell.
6:59 of 1st period - Stopped by Jonathan Quick without a rebound.
7:00 of 1st period - Nate Thompson wins face-off versus Vernon Fiddler in Sharks zone.
7:01 of 1st period - Slapshot by Mark Giordano.
7:01 of 1st period - Deflect By Chris Kreider.
7:01 of 1st period - Shot Misses the Net.
7:01 of 1st period - Puck is out of play.
7:02 of 1st period - Nate Thompson wins face-off versus Vernon Fiddler in Sharks zone.
9:17 of 1st period - Brad Richards is hit by Luke Glendening and loses puck.
9:57 of 1st period - Mark Giordano is hit by Jay Harrison and loses puck.
10:46 of 1st period - Brian Gionta is hit by Corey Perry and loses puck.
10:58 of 1st period - Off-side.
10:59 of 1st period - Vernon Fiddler wins face-off versus Evgeni Malkin in neutral zone.
11:09 of 1st period - Snap shot by Jakub Voracek.
11:09 of 1st period - Stopped by Jonathan Quick with a rebound.
11:11 of 1st period - Wrist shot by Mark Stuart.
11:11 of 1st period - Shot Misses the Net.
11:13 of 1st period - Slapshot by Mark Stuart.
11:13 of 1st period - Shot Blocked by Mark Barberio.
11:15 of 1st period - Wrist shot by Evgeni Malkin.
11:15 of 1st period - Shot Blocked by Mike Weber.
11:17 of 1st period - Snap shot by Evgeni Malkin.
11:17 of 1st period - Shot Misses the Net.
11:19 of 1st period - Slapshot by Mark Stuart.
11:19 of 1st period - Stopped by Jonathan Quick without a rebound.
11:20 of 1st period - Torrey Mitchell wins face-off versus Maxim Lapierre in Sharks zone.
11:37 of 1st period - Dion Phaneuf is hit by Taylor Hall and loses puck.
12:03 of 1st period - Minor Penalty to P.K. Subban for Roughing.
12:04 of 1st period - Bryan Little wins face-off versus Vernon Fiddler in Flyers zone.
12:15 of 1st period - Snap shot by Bryan Little.
12:15 of 1st period - Deflect By Luke Glendening.
12:15 of 1st period - Shot Blocked by Olli Jokinen.
12:15 of 1st period - Puck is out of play.
12:16 of 1st period - Bryan Little wins face-off versus Vernon Fiddler in Sharks zone.
12:31 of 1st period - Vernon Fiddler is hit by Niklas Kronwall and loses puck.
13:10 of 1st period - Wrist shot by Brad Richards.
13:10 of 1st period - Stopped by Corey Crawford with a rebound.
13:12 of 1st period - Snap shot by Brian Gionta.
13:12 of 1st period - Shot Misses the Net.
13:14 of 1st period - Slapshot by Mike Weber.
13:14 of 1st period - Stopped by Corey Crawford without a rebound.
13:15 of 1st period - Torrey Mitchell wins face-off versus Brad Richards in Flyers zone.
13:52 of 1st period - Slapshot by Derek Roy.
13:52 of 1st period - Stopped by Corey Crawford with a rebound.
13:58 of 1st period - Snap shot by Olli Jokinen.
13:58 of 1st period - Goal by Olli Jokinen - Flyers : 1 - Sharks : 1.
13:59 of 1st period - Evgeni Malkin wins face-off versus Maxim Lapierre in neutral zone.
14:32 of 1st period - Slapshot by Dion Phaneuf.
14:32 of 1st period - Shot Misses the Net.
14:45 of 1st period - Minor Penalty to Dion Phaneuf for Hooking.
14:46 of 1st period - Evgeni Malkin wins face-off versus Olli Jokinen in Sharks zone.
14:46 of 1st period - Snap shot by Kyle Okposo.
14:46 of 1st period - Shot Misses the Net.
14:48 of 1st period - Slapshot by Mark Giordano.
14:48 of 1st period - Shot Blocked by Jay Harrison.
15:02 of 1st period - Jay Harrison is hit by Justin Faulk and loses puck.
15:45 of 1st period - Erik Cole is hit by Justin Faulk and loses puck.
16:04 of 1st period - Snap shot by Corey Perry.
16:04 of 1st period - Stopped by Jonathan Quick with a rebound.
16:45 of 1st period - Penalty to Dion Phaneuf is over, Dion Phaneuf is back on ice.
17:06 of 1st period - Nate Thompson is hit by Nicolas Deslauriers and loses puck.
17:15 of 1st period - Icing by Niklas Kronwall.
17:16 of 1st period - Maxim Lapierre wins face-off versus Nate Thompson in Flyers zone.
17:19 of 1st period - Wrist shot by Tomas Fleischmann.
17:19 of 1st period - Shot Hit the Post.
17:21 of 1st period - Slapshot by Mike Weber.
17:21 of 1st period - Stopped by Corey Crawford with a rebound.
17:41 of 1st period - Slapshot by Chris Kreider.
17:41 of 1st period - Stopped by Jonathan Quick with a rebound.
18:13 of 1st period - Slapshot by Dion Phaneuf.
18:13 of 1st period - Shot Blocked by Luke Glendening.
18:23 of 1st period - Brian Gionta is hit by Luke Glendening.
Goals for this period are 1 for Flyers vs 1 for Sharks.
Shots for this period are 7 for Flyers vs 8 for Sharks.

2nd period


0:01 of 2nd period - Brad Richards wins face-off versus Jakub Voracek in neutral zone.
0:14 of 2nd period - Wrist shot by Erik Cole.
0:14 of 2nd period - Shot Blocked by Tom Gilbert.
0:16 of 2nd period - Slapshot by Brian Gionta.
0:16 of 2nd period - Shot Misses the Net.
0:18 of 2nd period - Snap shot by Brian Gionta.
0:18 of 2nd period - Stopped by Corey Crawford without a rebound.
0:19 of 2nd period - Evgeni Malkin wins face-off versus Brad Richards in Flyers zone.
0:19 of 2nd period - Evgeni Malkin is hit by Brendan Mikkelson.
0:22 of 2nd period - Minor Penalty to P.K. Subban for Goalie Interference.
0:23 of 2nd period - Brad Richards wins face-off versus Bryan Little in Flyers zone.
1:27 of 2nd period - Justin Faulk is hit by Jay Harrison and loses puck.
1:40 of 2nd period - Snap shot by Olli Jokinen.
1:40 of 2nd period - Shot Misses the Net.
2:22 of 2nd period - Penalty to P.K. Subban is over, P.K. Subban is back on ice.
2:24 of 2nd period - Mark Giordano is hit by Olli Jokinen and loses puck.
2:54 of 2nd period - Wrist shot by Richard Panik.
2:54 of 2nd period - Stopped by Corey Crawford with a rebound.
3:10 of 2nd period - Slapshot by Richard Panik.
3:10 of 2nd period - Shot Blocked by Justin Faulk.
4:01 of 2nd period - Wrist shot by Jakub Voracek.
4:01 of 2nd period - Stopped by Jonathan Quick with a rebound.
4:03 of 2nd period - Slapshot by Niklas Kronwall.
4:03 of 2nd period - Goal by Niklas Kronwall - Flyers : 2 - Sharks : 1.
4:04 of 2nd period - Evgeni Malkin wins face-off versus Vernon Fiddler in neutral zone.
4:18 of 2nd period - Minor Penalty to Mark Stuart for Delaying the game.
4:19 of 2nd period - Brad Richards wins face-off versus Bryan Little in Flyers zone.
4:44 of 2nd period - Snap shot by Erik Cole.
4:44 of 2nd period - Deflect By Brad Richards.
4:44 of 2nd period - Stopped by Corey Crawford without a rebound.
4:45 of 2nd period - Bryan Little wins face-off versus Vernon Fiddler in Flyers zone.
4:45 of 2nd period - Bryan Little is hit by Vernon Fiddler.
4:52 of 2nd period - Icing by Mike Weber.
4:53 of 2nd period - Bryan Little wins face-off versus Vernon Fiddler in Sharks zone.
4:54 of 2nd period - Slapshot by P.K. Subban.
4:54 of 2nd period - Stopped by Jonathan Quick without a rebound.
4:55 of 2nd period - Vernon Fiddler wins face-off versus Bryan Little in Sharks zone.
5:55 of 2nd period - Nate Thompson is hit by Mike Weber and loses puck.
6:18 of 2nd period - Penalty to Mark Stuart is over, Mark Stuart is back on ice.
6:54 of 2nd period - Snap shot by Richard Panik.
6:54 of 2nd period - Shot Misses the Net.
6:56 of 2nd period - Wrist shot by Richard Panik.
6:56 of 2nd period - Deflect By Tomas Fleischmann.
6:56 of 2nd period - Stopped by Corey Crawford with a rebound.
8:12 of 2nd period - Brian Gionta is hit by Adam Lowry and loses puck.
8:37 of 2nd period - Wrist shot by Bryan Little.
8:37 of 2nd period - Shot Misses the Net.
8:39 of 2nd period - Snap shot by Mark Stuart.
8:39 of 2nd period - Stopped by Jonathan Quick without a rebound.
8:40 of 2nd period - Evgeni Malkin wins face-off versus Maxim Lapierre in Sharks zone.
8:51 of 2nd period - Snap shot by Evgeni Malkin.
8:51 of 2nd period - Shot Misses the Net.
8:53 of 2nd period - Slapshot by P.K. Subban.
8:53 of 2nd period - Shot Blocked by Richard Panik.
8:55 of 2nd period - Snap shot by Jakub Voracek.
8:55 of 2nd period - Stopped by Jonathan Quick without a rebound.
8:56 of 2nd period - Olli Jokinen wins face-off versus Evgeni Malkin in Sharks zone.
9:01 of 2nd period - Tom Gilbert is hit by Jay Harrison and loses puck.
9:08 of 2nd period - Wrist shot by Olli Jokinen.
9:08 of 2nd period - Shot Misses the Net.
9:10 of 2nd period - Slapshot by Jay Harrison.
9:10 of 2nd period - Deflect By Derek Roy.
9:10 of 2nd period - Shot Blocked by Jakub Voracek.
9:10 of 2nd period - Puck is out of play.
9:11 of 2nd period - Vernon Fiddler wins face-off versus Torrey Mitchell in Flyers zone.
9:20 of 2nd period - Snap shot by Olli Jokinen.
9:20 of 2nd period - Shot Misses the Net.
9:22 of 2nd period - Backhand shot by Jay Harrison.
9:22 of 2nd period - Stopped by Corey Crawford without a rebound.
9:23 of 2nd period - Torrey Mitchell wins face-off versus Brad Richards in Flyers zone.
9:28 of 2nd period - Snap shot by Brian Gionta.
9:28 of 2nd period - Shot Misses the Net.
9:30 of 2nd period - Slapshot by Brad Richards.
9:30 of 2nd period - Shot Misses the Net.
9:32 of 2nd period - Slapshot by Mark Barberio.
9:32 of 2nd period - Shot Blocked by Mark Giordano.
9:38 of 2nd period - Snap shot by Erik Cole.
9:38 of 2nd period - Stopped by Corey Crawford without a rebound.
9:39 of 2nd period - Brad Richards wins face-off versus Bryan Little in Flyers zone.
10:14 of 2nd period - Wrist shot by Bryan Little.
10:14 of 2nd period - Shot Blocked by Mike Weber.
10:38 of 2nd period - Mark Giordano is hit by Mark Barberio and loses puck.
10:47 of 2nd period - Snap shot by Dion Phaneuf.
10:47 of 2nd period - Shot Misses the Net.
10:52 of 2nd period - Icing by Justin Faulk.
10:53 of 2nd period - Maxim Lapierre wins face-off versus Evgeni Malkin in Flyers zone.
10:56 of 2nd period - Slapshot by Dion Phaneuf.
10:56 of 2nd period - Stopped by Corey Crawford without a rebound.
10:57 of 2nd period - Torrey Mitchell wins face-off versus Maxim Lapierre in Flyers zone.
11:06 of 2nd period - Torrey Mitchell is hit by Dion Phaneuf and loses puck.
11:47 of 2nd period - Wrist shot by Corey Perry.
11:47 of 2nd period - Stopped by Jonathan Quick with a rebound.
12:01 of 2nd period - Wrist shot by Bryan Little.
12:01 of 2nd period - Stopped by Jonathan Quick with a rebound.
12:03 of 2nd period - Snap shot by Mark Giordano.
12:03 of 2nd period - Stopped by Jonathan Quick with a rebound.
12:05 of 2nd period - Snap shot by Gabriel Landeskog.
12:05 of 2nd period - Stopped by Jonathan Quick without a rebound.
12:06 of 2nd period - Brad Richards wins face-off versus Evgeni Malkin in Sharks zone.
12:06 of 2nd period - Brad Richards is hit by Jakub Voracek.
12:38 of 2nd period - Wrist shot by Kyle Okposo.
12:38 of 2nd period - Stopped by Jonathan Quick with a rebound.
12:40 of 2nd period - Snap shot by Kyle Okposo.
12:40 of 2nd period - Deflect By Evgeni Malkin.
12:40 of 2nd period - Stopped by Jonathan Quick without a rebound.
12:41 of 2nd period - Vernon Fiddler wins face-off versus Corey Perry in Sharks zone.
13:16 of 2nd period - Wrist shot by Olli Jokinen.
13:16 of 2nd period - Stopped by Corey Crawford with a rebound.
13:18 of 2nd period - Slapshot by Vernon Fiddler.
13:18 of 2nd period - Stopped by Corey Crawford with a rebound.
13:24 of 2nd period - Minor Penalty to Corey Perry for Hooking.
13:25 of 2nd period - Bryan Little wins face-off versus Brad Richards in Flyers zone.
14:15 of 2nd period - Wrist shot by Derek Roy.
14:15 of 2nd period - Shot Blocked by Bryan Little.
14:17 of 2nd period - Snap shot by Vernon Fiddler.
14:17 of 2nd period - Shot Blocked by Mark Giordano.
14:21 of 2nd period - Wrist shot by Derek Roy.
14:21 of 2nd period - Stopped by Corey Crawford without a rebound.
14:22 of 2nd period - Bryan Little wins face-off versus Vernon Fiddler in Flyers zone.
14:22 of 2nd period - Bryan Little is hit by Derek Roy.
15:17 of 2nd period - Luke Glendening is hit by Mike Weber and loses puck.
15:24 of 2nd period - Penalty to Corey Perry is over, Corey Perry is back on ice.
15:40 of 2nd period - Dion Phaneuf is hit by Kyle Okposo and loses puck.
15:47 of 2nd period - Slapshot by Richard Panik.
15:47 of 2nd period - Shot Blocked by Niklas Kronwall.
16:05 of 2nd period - Snap shot by Richard Panik.
16:05 of 2nd period - Shot Misses the Net.
16:09 of 2nd period - Slapshot by Tomas Fleischmann.
16:09 of 2nd period - Shot Misses the Net.
16:11 of 2nd period - Snap shot by Richard Panik.
16:11 of 2nd period - Stopped by Corey Crawford without a rebound.
16:12 of 2nd period - Nate Thompson wins face-off versus Brian Gionta in Flyers zone.
16:58 of 2nd period - Bryan Little is hit by Brendan Mikkelson and loses puck.
17:05 of 2nd period - Wrist shot by Erik Cole.
17:05 of 2nd period - Goal by Erik Cole - Flyers : 2 - Sharks : 2.
17:06 of 2nd period - Evgeni Malkin wins face-off versus Vernon Fiddler in neutral zone.
17:31 of 2nd period - Snap shot by Kyle Okposo.
17:31 of 2nd period - Shot Misses the Net.
17:33 of 2nd period - Minor Penalty to Ian Cole for Holding.
17:34 of 2nd period - Evgeni Malkin wins face-off versus Olli Jokinen in Sharks zone.
18:36 of 2nd period - Wrist shot by Bryan Little.
18:36 of 2nd period - Stopped by Jonathan Quick without a rebound.
18:37 of 2nd period - Evgeni Malkin wins face-off versus Olli Jokinen in Sharks zone.
18:44 of 2nd period - Snap shot by Evgeni Malkin.
18:44 of 2nd period - Shot Misses the Net.
19:06 of 2nd period - Corey Perry is hit by Erik Cole and loses puck.
19:19 of 2nd period - Wrist shot by Bryan Little.
19:19 of 2nd period - Stopped by Jonathan Quick with a rebound.
19:21 of 2nd period - Slapshot by Bryan Little.
19:21 of 2nd period - Shot Misses the Net.
19:23 of 2nd period - Snap shot by Bryan Little.
19:23 of 2nd period - Stopped by Jonathan Quick with a rebound.
19:25 of 2nd period - Slapshot by Mark Giordano.
19:25 of 2nd period - Shot Hit the Post.
19:33 of 2nd period - Penalty to Ian Cole is over, Ian Cole is back on ice.
19:41 of 2nd period - Tomas Fleischmann is hit by Justin Faulk and loses puck.
Goals for this period are 1 for Flyers vs 1 for Sharks.
Shots for this period are 14 for Flyers vs 12 for Sharks.

3rd period


0:01 of 3rd period - Bryan Little wins face-off versus Brad Richards in neutral zone.
0:52 of 3rd period - P.K. Subban is hit by Derek Roy and loses puck.
1:16 of 3rd period - Snap shot by Taylor Hall.
1:16 of 3rd period - Stopped by Jonathan Quick without a rebound.
1:17 of 3rd period - Evgeni Malkin wins face-off versus Maxim Lapierre in Sharks zone.
1:20 of 3rd period - Slapshot by Jakub Voracek.
1:20 of 3rd period - Deflect By Evgeni Malkin.
1:20 of 3rd period - Shot Blocked by Maxim Lapierre.
1:20 of 3rd period - Puck is out of play.
1:21 of 3rd period - Maxim Lapierre wins face-off versus Evgeni Malkin in Sharks zone.
1:32 of 3rd period - Wrist shot by Evgeni Malkin.
1:32 of 3rd period - Stopped by Jonathan Quick with a rebound.
1:58 of 3rd period - Richard Panik is hit by Mark Giordano and loses puck.
2:05 of 3rd period - Kyle Okposo is hit by Maxim Lapierre and loses puck.
2:32 of 3rd period - Snap shot by Erik Cole.
2:32 of 3rd period - Shot Misses the Net.
2:38 of 3rd period - Snap shot by Erik Cole.
2:38 of 3rd period - Deflect By Brad Richards.
2:38 of 3rd period - Shot Misses the Net.
2:38 of 3rd period - Puck is out of play.
2:39 of 3rd period - Bryan Little wins face-off versus Olli Jokinen in Flyers zone.
3:04 of 3rd period - Snap shot by Olli Jokinen.
3:04 of 3rd period - Stopped by Corey Crawford with a rebound.
3:12 of 3rd period - Snap shot by Olli Jokinen.
3:12 of 3rd period - Stopped by Corey Crawford without a rebound.
3:13 of 3rd period - Torrey Mitchell wins face-off versus Brad Richards in Flyers zone.
4:26 of 3rd period - Slapshot by Richard Panik.
4:26 of 3rd period - Shot Misses the Net.
5:14 of 3rd period - Wrist shot by Derek Roy.
5:14 of 3rd period - Stopped by Corey Crawford without a rebound.
5:15 of 3rd period - Brian Gionta wins face-off versus Evgeni Malkin in Flyers zone.
5:40 of 3rd period - Wrist shot by Evgeni Malkin.
5:40 of 3rd period - Shot Misses the Net.
5:42 of 3rd period - Snap shot by Kyle Okposo.
5:42 of 3rd period - Stopped by Jonathan Quick without a rebound.
5:43 of 3rd period - Vernon Fiddler wins face-off versus Bryan Little in Sharks zone.
5:57 of 3rd period - Minor Penalty to Dion Phaneuf for Hooking.
5:58 of 3rd period - Kyle Okposo wins face-off versus Olli Jokinen in Sharks zone.
6:01 of 3rd period - Snap shot by Evgeni Malkin.
6:01 of 3rd period - Stopped by Jonathan Quick with a rebound.
6:07 of 3rd period - Wrist shot by Kyle Okposo.
6:07 of 3rd period - Shot Hit the Post.
6:09 of 3rd period - Slapshot by Mark Giordano.
6:09 of 3rd period - Stopped by Jonathan Quick with a rebound.
6:11 of 3rd period - Slapshot by Justin Faulk.
6:11 of 3rd period - Shot Blocked by Erik Cole.
6:13 of 3rd period - Slapshot by Taylor Hall.
6:13 of 3rd period - Shot Misses the Net.
6:17 of 3rd period - Wrist shot by Kyle Okposo.
6:17 of 3rd period - Stopped by Jonathan Quick without a rebound.
6:18 of 3rd period - Evgeni Malkin wins face-off versus Olli Jokinen in Sharks zone.
7:47 of 3rd period - Snap shot by Kyle Okposo.
7:47 of 3rd period - Deflect By Vernon Fiddler.
7:47 of 3rd period - Goal by Kyle Okposo - Flyers : 3 - Sharks : 2.
7:48 of 3rd period - Nate Thompson wins face-off versus Brian Gionta in neutral zone.
7:59 of 3rd period - Slapshot by P.K. Subban.
7:59 of 3rd period - Shot Blocked by Nicolas Deslauriers.
8:08 of 3rd period - Minor Penalty to Mike Green for Hooking.
8:09 of 3rd period - Evgeni Malkin wins face-off versus Olli Jokinen in Sharks zone.
8:21 of 3rd period - Wrist shot by Taylor Hall.
8:21 of 3rd period - Shot Misses the Net.
8:23 of 3rd period - Wrist shot by Taylor Hall.
8:23 of 3rd period - Shot Misses the Net.
8:25 of 3rd period - Wrist shot by Mark Giordano.
8:25 of 3rd period - Stopped by Jonathan Quick without a rebound.
8:26 of 3rd period - Olli Jokinen wins face-off versus Evgeni Malkin in Sharks zone.
8:54 of 3rd period - Slapshot by Evgeni Malkin.
8:54 of 3rd period - Stopped by Jonathan Quick without a rebound.
8:55 of 3rd period - Bryan Little wins face-off versus Olli Jokinen in Sharks zone.
10:00 of 3rd period - Evgeni Malkin is hit by Erik Cole and loses puck.
10:05 of 3rd period - Wrist shot by Erik Cole.
10:05 of 3rd period - Deflect By Olli Jokinen.
10:05 of 3rd period - Stopped by Corey Crawford without a rebound.
10:06 of 3rd period - Bryan Little wins face-off versus Olli Jokinen in Flyers zone.
10:08 of 3rd period - Penalty to Mike Green is over, Mike Green is back on ice.
10:45 of 3rd period - Snap shot by Curtis Glencross.
10:45 of 3rd period - Deflect By Brian Gionta.
10:45 of 3rd period - Stopped by Corey Crawford without a rebound.
10:46 of 3rd period - Nate Thompson wins face-off versus Maxim Lapierre in Flyers zone.
10:48 of 3rd period - Minor Penalty to Chris Kreider for Hooking.
10:49 of 3rd period - Brad Richards wins face-off versus Bryan Little in Flyers zone.
12:48 of 3rd period - Penalty to Chris Kreider is over, Chris Kreider is back on ice.
13:09 of 3rd period - Wrist shot by Richard Panik.
13:09 of 3rd period - Shot Misses the Net.
13:11 of 3rd period - Slapshot by Mike Weber.
13:11 of 3rd period - Stopped by Corey Crawford with a rebound.
13:30 of 3rd period - Slapshot by Dion Phaneuf.
13:30 of 3rd period - Stopped by Corey Crawford without a rebound.
13:31 of 3rd period - Brian Gionta wins face-off versus Evgeni Malkin in Flyers zone.
14:04 of 3rd period - Snap shot by Kyle Okposo.
14:04 of 3rd period - Stopped by Jonathan Quick with a rebound.
14:18 of 3rd period - Snap shot by Mark Giordano.
14:18 of 3rd period - Shot Misses the Net.
14:28 of 3rd period - Backhand shot by Olli Jokinen.
14:28 of 3rd period - Stopped by Corey Crawford with a rebound.
14:30 of 3rd period - Snap shot by Olli Jokinen.
14:30 of 3rd period - Stopped by Corey Crawford without a rebound.
14:31 of 3rd period - Nate Thompson wins face-off versus Vernon Fiddler in Flyers zone.
15:38 of 3rd period - Wrist shot by Kyle Okposo.
15:38 of 3rd period - Stopped by Jonathan Quick with a rebound.
16:13 of 3rd period - Minor Penalty to Mike Weber for Hooking.
16:14 of 3rd period - Evgeni Malkin wins face-off versus Olli Jokinen in Sharks zone.
16:29 of 3rd period - Snap shot by Taylor Hall.
16:29 of 3rd period - Stopped by Jonathan Quick with a rebound.
16:31 of 3rd period - Slapshot by Mark Giordano.
16:31 of 3rd period - Stopped by Jonathan Quick without a rebound.
16:32 of 3rd period - Evgeni Malkin wins face-off versus Olli Jokinen in Sharks zone.
17:03 of 3rd period - Wrist shot by Jakub Voracek.
17:03 of 3rd period - Shot Misses the Net.
17:05 of 3rd period - Wrist shot by Jakub Voracek.
17:05 of 3rd period - Shot Blocked by Jay Harrison.
18:13 of 3rd period - Penalty to Mike Weber is over, Mike Weber is back on ice.
18:25 of 3rd period - Backhand shot by Kyle Okposo.
18:25 of 3rd period - Shot Blocked by Ian Cole.
18:27 of 3rd period - Slapshot by Mark Giordano.
18:27 of 3rd period - Stopped by Jonathan Quick with a rebound.
18:57 of 3rd period - Snap shot by Adam Lowry.
18:57 of 3rd period - Shot Blocked by Mike Weber.
19:19 of 3rd period - Torrey Mitchell is hit by Ian Cole and loses puck.
19:38 of 3rd period - Wrist shot by Bryan Little.
19:38 of 3rd period - Stopped by Jonathan Quick with a rebound.
Goals for this period are 1 for Flyers vs 0 for Sharks.
Shots for this period are 15 for Flyers vs 9 for Sharks.